 Dungeon Crawl Stone Soup version bcrawl-1.12-10-g10a67aac0f (webtiles) character file.

Game seed: 2580317280436426101

117 MisterOstroum the Sneak (level 5, -6/42 HPs)
             Began as a Formicid Archaeologist on June 16, 2019.
             Mangled by a moth of wrath (14 damage)
             ... on level 2 of the Dungeon.
             The game lasted 00:03:49 (3419 turns).

MisterOstroum the Sneak (Formicid Archaeologist)    Turns: 3419, Time: 00:03:50

Health: -6/42      AC:  7    Str: 16    XL:     5   Next: 22%
Magic:  5/5        EV: 12    Int: 14    God:
Gold:   191        SH:  0    Dex:  9    Spells: 4/4 levels left

rFire    . . .     SeeInvis +   i - +0 whip
rCold    . . .     Gourm    .   (no shield)
rNeg     . . .     Faith    .   a - +1 robe
rPois    .         Spirit   .   (helmet unavailable)
rElec    .         Reflect  .   (no cloak)
rCorr    .         Harm     .   c - +1 pair of gloves
MR       .....                  b - +1 pair of boots
Stlth    ++........             (no amulet)
HPRegen  0.14/turn              u - ring of flight
MPRegen  0.09/turn              (no ring)

@: studying Maces & Flails
A: permanent stasis, dig shafts and tunnels, four strong arms, antennae 3
a: Dig, Shaft Self, Evoke Flight


You were on level 2 of the Dungeon.
You were hungry.

You visited 1 branch of the dungeon, and saw 2 of its levels.

You collected 191 gold pieces.

Inventory:

Hand Weapons
 i - a +0 whip (weapon)
 m - a +0 mace
 q - a +0 rapier
 r - a +0 spear
 s - a +0 hand axe
 t - a +0 long sword
 B - a +0 short sword of venom
Missiles
 h - 538 stones (quivered)
Armour
 a - a +1 robe (worn)
 b - a +1 pair of boots (worn)
 c - a +1 pair of gloves (worn)
Jewellery
 u - a ring of flight (left hand)
Scrolls
 j - a scroll of enchant armour {unknown}
 n - 4 scrolls of teleportation {unknown}
 o - a scroll of remove curse {unknown}
 w - a scroll of enchant weapon {unknown}
 x - a scroll of identify {unknown}
 y - a scroll of fog {unknown}
Potions
 g - 2 potions of curing {unknown}
 k - 3 potions of heal wounds {unknown}
 l - a potion of lignification {unknown}
 p - 2 potions of ambrosia {unknown}
 v - a potion of flight {unknown}
 A - a potion of berserk rage {unknown}
Books
 d - a manual of Maces & Flails
Miscellaneous
 f - an ancient crate
Comestibles
 e - 5 rations {!d}


   Skills:
 + Level 3.9 Fighting
 + Level 3.8 Maces & Flails
 - Level 2.6 Dodging
 - Level 4.0 Stealth


You had 4 spell levels left.
You didn't know any spells.
Your spell library was empty.

Dungeon Overview and Level Annotations

Branches:
Dungeon (2/12)

Altars:
Trog


Innate Abilities, Weirdness & Mutations

You cannot be hasted, slowed, berserked, paralysed or teleported.
You can dig through walls and to a lower floor.
Your four strong arms can wield two-handed weapons with a shield.
You have a pair of large antennae on your head. (SInv)


Message History

No target in view!
No target in view!
No target in view!
No target in view!
g - 2 black potions (gained 1)
A hobgoblin comes into view. It is wielding a +0 club.
Some of the chunks of flesh in your inventory have rotted away.
A hobgoblin is nearby!
A hobgoblin is nearby!
A hobgoblin is nearby!
The hobgoblin shouts!
A kobold comes into view.
It is wielding a +0 short sword of venom.
Found a ration.
The hobgoblin hits you but does no damage.
You hit the hobgoblin but do no damage.
The hobgoblin hits you but does no damage.
You hit the hobgoblin.
The hobgoblin is moderately wounded.
The hobgoblin hits you but does no damage.
You hit the hobgoblin but do no damage.
The hobgoblin is moderately wounded.
The hobgoblin hits you but does no damage.
You barely miss the hobgoblin.
The hobgoblin is moderately wounded.
The hobgoblin hits you but does no damage.
You hit the hobgoblin.
You kill the hobgoblin!
You hit the kobold.
You kill the kobold!
No target in view!
No target in view!
No target in view!
No target in view!
No target in view!
No target in view!
No target in view!
No target in view!
No target in view!
No target in view!
No target in view!
No target in view!
No target in view!
No target in view!
No target in view!
No target in view!
No target in view!
No target in view!
No target in view!
No target in view!
No target in view!
No target in view!
No target in view!
No target in view!
No target in view!
No target in view!
No target in view!
No target in view!
No target in view!
No target in view!
No target in view!
No target in view!
No target in view!
No target in view!
No target in view!
No target in view!
No target in view!
Things that are here:
a +0 short sword of venom; a +0 club; a kobold corpse
B - a +0 short sword of venom
e - 5 rations {!d} (gained 1) All of the chunks of flesh in your inventory have rotted away.
Found an escape hatch in the floor.
Key pressed, stopping explore.
The moth of wrath's fur bristles in rage as it notices you.
There is a stone staircase leading up, spattered with blood here.
You are feeling hungry.
You see here a ring mail.
You now have 191 gold pieces (gained 11).
Done exploring.
No target in view!
Done exploring.
Done exploring.
You extend your mandibles.
You dig through the rock wall.
You retract your mandibles.
You extend your mandibles.
You dig through the iron grate.
The moth of wrath barely misses you.
You retract your mandibles.
You barely miss the moth of wrath. The moth of wrath barely misses you.
You hit the moth of wrath.
The moth of wrath is lightly wounded.
The moth of wrath bites you! x2
* * * LOW HITPOINT WARNING * * *
You closely miss the moth of wrath.
The moth of wrath is lightly wounded.
The moth of wrath closely misses you.
You barely miss the moth of wrath.
The moth of wrath is lightly wounded.
The moth of wrath bites you!
You die...

.# #............(......##
.###.######.##########..#
.............###....###.#
#########...#........##.##
#<###.........#..#
#.###....#....##.#
#.##....###...##.#
#..#.._.#y#......#
#.#.....@##...####
#.##.....#....#
###.#.#.........#
#....###.......## #.####
###....## #.# #.#####
#######.# #.###.#
......[.# #...#.#
.#####..# ###.#.#


You could see a moth of wrath.

Vanquished Creatures
  A bullfrog skeleton (D:2)
  4 worms (D:2)
  3 dart slugs (D:2)
  6 leopard geckos (D:1)
  A ball python (D:1)
  3 bats
  5 goblins
  11 hobgoblins
  3 jackals (D:2)
  5 frilled lizards
  8 kobolds
  14 rats
64 creatures vanquished.

Notes
Turn   | Place    | Note
-------+----------+-------------------------------------------
     0 | D:1      | MisterOstroum the Formicid Archaeologist began the quest
                  | for the Orb.
     0 | D:1      | Reached XP level 1. HP: 15/15 MP: 1/1
   413 | D:1      | Reached XP level 2. HP: 22/22 MP: 2/2
   798 | D:1      | Reached skill level 1 in Maces & Flails
   871 | D:1      | Reached XP level 3. HP: 28/28 MP: 3/3
  1686 | D:2      | Found a bloodstained altar of Trog.
  1686 | D:2      | Noticed a moth of wrath
  1895 | D:2      | Reached XP level 4. HP: 24/35 MP: 4/4
  2708 | D:2      | Reached XP level 5. HP: 24/42 MP: 5/5
  3419 | D:2      | Mangled by a moth of wrath

Skill      XL: |  1  2  3  4 |
---------------+-------------+-----
Fighting       | 2 3 |  3.9
Maces & Flails | 1 2 3 |  3.8
Dodging        | |  2.6
Stealth        | |  4.0

Action                   |  1- 3 |  4- 6 || total
-------------------------+-------+-------++-------
Melee: Unarmed           |    22 |       ||    22
       Whip              |   141 |   164 ||   305
Throw: Stone             |       |     3 ||     3
 Abil: Dig               |     1 |     3 ||     4
 Stab: Sleeping          |     6 |     4 ||    10
  Eat: Chunk             |     3 |     5 ||     8
Armor: Robe              |    62 |    31 ||    93
Dodge: Dodged            |   122 |    89 ||   211
